 Dungeon Crawl Stone Soup version 0.30.1-9-gdf580d7c3d (webtiles) character file.

Game seed: 11415619621917124301

182 KittyFluff the Cudgeller (level 5, -8/33 HPs)
             Began as a Gargoyle Berserker on Oct 10, 2023.
             Was a Believer of Trog.
             Killed by divine providence
             ... invoked by an orc priest
              (11 damage)
             ... on level 3 of the Dungeon.
             The game lasted 00:06:50 (1820 turns).

KittyFluff the Cudgeller (Gargoyle Berserker)       Turns: 1820, Time: 00:06:51

Health: -8/33      AC:  7    Str: 22    XL:     5   Next: 62%
Magic:  5/5        EV: 11    Int:  8    God:    Trog [**....]
Gold:   177        SH:  0    Dex:  9    Spells: 4/4 levels left

rFire   . . .        a - +0 mace
rCold   . . .        (no shield)
rNeg    + . .        p - +0 leather armour
rPois   ∞            (no helmet)
rElec   +            (no cloak)
rCorr   .            (no gloves)
SInv    .            (no boots)
Will    .....        (no amulet)
Stlth   +            (no ring)
HPRegen 0.25/turn    (no ring)
MPRegen 0.09/turn

%: no passive effects
@: no status effects
A: sickness immunity, AC +4, negative energy resistance 1, electricity
resistance, torment resistance 1, petrification resistance
a: Renounce Religion, Berserk, Trog's Hand


You were on level 3 of the Dungeon.
You worshipped Trog.
Trog was pleased with you.
You visited 1 branch of the dungeon, and saw 3 of its levels.

You collected 177 gold pieces.

Inventory:

Hand Weapons
 a - a +0 mace (weapon)
Missiles
 e - 5 javelins (quivered)
 i - 12 poisoned darts
Armour
 p - a +0 leather armour (worn)
Jewellery
 h - a +6 ring of intelligence
 n - a ring of fire
 o - an amulet of magic regeneration
Scrolls
 f - a scroll of fog {unknown}
 k - a scroll of enchant armour {unknown}
 l - a scroll of amnesia {unknown}
 m - a scroll of brand weapon {unknown}
Potions
 c - a potion of mutation {unknown}
 d - 2 potions of curing {unknown}
 g - a potion of brilliance {unknown}
 j - a potion of degeneration {unknown}


   Skills:
 + Level 4.1 Fighting
 * Level 4.2 Maces & Flails
 * Level 3.9 Armour
 + Level 2.3 Dodging


You had 4 spell levels left.
You didn't know any spells.
Your spell library was empty.

Dungeon Overview and Level Annotations

Branches:
Dungeon (3/15)

Altars:

Shops:
D:1 =


Innate Abilities, Weirdness & Mutations

You are immune to sickness and miasma.
Your stone body is resilient. (AC +4)
You are immune to poison.
You resist negative energy. (rN+)
You are resistant to electric shocks. (rElec)
You are resistant to unholy torment.
You are immune to petrification.


Message History

You hit the orc wizard.
The orc wizard is moderately wounded.
The orc wizard barely misses you.
The orc priest invokes the aid of Beogh against you.
Beogh smites you!
* * * LOW HITPOINT WARNING * * *
You hit the orc wizard.
The orc wizard is heavily wounded.
The orc wizard hits you but does no damage.
You hit the orc wizard.
The orc wizard is heavily wounded.
The orc wizard gestures at you while chanting.
You are confused.
The orc wizard gestures at you while chanting.
The magic dart hits you!
* * * LOW HITPOINT WARNING * * *
You are too confused!
You barely miss the orc wizard.
The orc wizard is heavily wounded.
The orc wizard points at you and mumbles some strange words.
You resist with some effort.
You hit the orc wizard.
The orc wizard is severely wounded.
The orc wizard misses you.
The orc priest begins to cast a cantrip, but forgets the words!
You're too confused to move!
The orc wizard hits you but does no damage.
The orc wizard attacks as you move away!
The orc wizard closely misses you.
You miss the orc wizard.
The orc wizard is severely wounded.
The orc wizard casts a spell.
The orc wizard flickers and vanishes!
Deactivating autopickup; reactivate with Ctrl-A.
You completely miss something.
You feel less confused. Something hits you but does no damage.
The orc priest mumbles some strange prayers to Beogh against you.
Beogh smites you!
You die...

#...#.. .. .)#
.......## .# #.#
........#### .# #.#
...........####.# #.#
..............# #.#
.#.oo##.###..####.#####
###.##.# #..#....)....
#o##.# #..#.##.#####
#b{@.###..#.##.#
#.####....#†##.#
######.#.##<##.#
#...........##.#
######.#.#####.#
#.#.......#
######.#########
#......# ########


You could see an orc priest and a bat.

Vanquished Creatures
  An ogre (D:2)
  3 adders (D:2)
  A dart slug (D:2)
  An orc (D:3)
  6 bats
  6 endoplasms
  4 giant cockroaches
  4 goblins
  3 hobgoblins (D:1)
  7 jackals (D:2)
  4 quokkas
  6 ball pythons
  5 frilled lizards
  5 kobolds
  4 rats
60 creatures vanquished.

Notes
Turn   | Place    | Note
-------+----------+-------------------------------------------
     0 | D:1      | KittyFluff the Gargoyle Berserker began the quest for the
                  | Orb.
     0 | D:1      | Reached XP level 1. HP: 14/14 MP: 1/1
    97 | D:1      | Found a faded altar of an unknown god.
   116 | D:1      | Reached XP level 2. HP: 9/19 MP: 2/2
   404 | D:1      | Found Unuzeih's Jewellery Shoppe.
   499 | D:1      | Reached XP level 3. HP: 18/23 MP: 3/3
   586 | D:1      | Reached ** piety under Trog
  1021 | D:2      | Reached XP level 4. HP: 29/29 MP: 4/4
  1197 | D:2      | Noticed an ogre
  1222 | D:2      | Killed an ogre
  1223 | D:2      | Reached XP level 5. HP: 28/33 MP: 5/5
  1820 | D:3      | Killed from afar by an orc priest

Illustrated notes

Levels and vault maps discovered:
D:1:      evilmike_arrival_hilbert_curve, layout_basic, serial_shops,
          nicolae_shop_gaudy_bauble, basic_ecumenical_altar
D:2:      layout_rooms
D:3:      wad_lake_hut, layout_loops_ring, dk_noncrumbling_2

Skill      XL: |  1  2  3  4 |
---------------+-------------+-----
Armour         | 3 |  3.9
Dodging        | 2 |  2.3
Fighting       | 4 |  4.1
Maces & Flails | 4 |  4.2

Action                     |  1- 3 |  4- 6 || total
---------------------------+-------+-------++-------
  Melee: Mace              |   136 |    77 ||   213
         Punch             |       |     2 ||     2
 Invoke: Berserk           |       |     1 ||     1
 Armour: Animal skin       |    63 |    21 ||    84
         Leather armour    |       |     7 ||     7
  Dodge: Dodged            |   108 |    52 ||   160
